 Dungeon Crawl Stone Soup version 0.29-a0-914-g906f1d757c (webtiles) character file.

Game seed: 8909470534465715972

91739 inmateoo the Martial Artist (level 15, -8/125 HPs)
             Began as a White Draconian Transmuter on July 26, 2022.
             Was the Champion of Cheibriados.
             Mangled by a skeletal warrior
             ... wielding a +0 halberd
              (15 damage)
             ... on level 15 of the Dungeon.
             The game lasted 00:32:58 (26098 turns).

inmateoo the Martial Artist (DrTm)                 Turns: 26098, Time: 00:32:59

Health: -8/125     AC: 10    Str: 27    XL:     15   Next: 55%
Magic:  23/30      EV: 11    Int: 36    God:    Cheibriados [******]
Gold:   1353       SH:  0    Dex: 23    Spells: 18/36 levels left

rFire   + + .      SeeInvis .     - Unarmed
rCold   + + +      Faith    .   (no shield)
rNeg    . . .      Spirit   .   (body armour unavailable)
rPois   .          Reflect  .   (helmet restricted)
rElec   .          Harm     .   B - scarf {rC+ rF+}
rCorr   +          Rampage  .   C - +0 pair of gloves
Will    ++...                   (no boots)
Stlth   ++........              u - amulet of the acrobat
HPRegen 0.30/turn               L - ring "Iskuibb" {Will+ rCorr}
MPRegen 0.22/turn               c - ring "Ycsietoy" {rF+ rC++ Dex-4 Slay+3}

@: wereblooded, held, studying Staves, very slow
A: breathe frost, AC +9, unfitting armour, cold resistance 1, cold-blooded
a: Breathe Frost, Renounce Religion, Bend Time, Temporal Distortion, Slouch,
Step From Time


You were on level 15 of the Dungeon.
You worshipped Cheibriados.
Cheibriados was exalted by your worship.
You visited 3 branches of the dungeon, and saw 21 of its levels.

You collected 3087 gold pieces.
You spent 1734 gold pieces at shops.

Inventory:

Missiles
 H - a throwing net
Armour
 B - a scarf of resistance (worn)
 C - a +0 pair of gloves (worn)
Jewellery
 c - the ring "Ycsietoy" (right hand) {rF+ rC++ Dex-4 Slay+3}
   (You found it on level 11 of the Dungeon)

   [ring of protection from fire]

   Dex:       It affects your dexterity (-4).
   Slay:      It affects your accuracy & damage with ranged weapons and melee
   (+3).
   rF:        It protects you from fire.
   rC:        It greatly protects you from cold.
 h - a ring of protection from cold
 u - an amulet of the acrobat (around neck)
 A - a ring of protection from fire
 I - a ring of see invisible
 K - a ring of positive energy
 L - the ring "Iskuibb" (left hand) {Will+ rCorr}
   (You bought it in a shop on level 7 of the Dungeon)

   [ring of resist corrosion]

   rCorr:     It protects you from acid and corrosion.
   Will:      It increases your willpower.
Wands
 f - a wand of mindburst (4)
 g - a wand of paralysis (4)
 m - a wand of polymorph (5)
 o - a wand of flame (27)
 t - a wand of roots (18)
 v - a wand of digging (4)
 J - a wand of quicksilver (6)
Scrolls
 b - 5 scrolls of teleportation
 e - 9 scrolls of poison
 k - 2 scrolls of identify
 n - 8 scrolls of enchant armour
 p - 5 scrolls of blinking
 q - 4 scrolls of amnesia
 r - 2 scrolls of magic mapping
 s - 2 scrolls of silence
 x - 3 scrolls of immolation
 z - 2 scrolls of fog
 G - 2 scrolls of fear
Potions
 a - 5 potions of mutation
 d - 3 potions of flight
 i - a potion of berserk rage
 j - 6 potions of heal wounds
 l - 7 potions of curing
 w - a potion of cancellation
 E - 3 potions of lignification
 F - 6 potions of brilliance


   Skills:
 + Level 9.5 Fighting
 + Level 11.3 Dodging
 + Level 13.2 Unarmed Combat
 + Level 11.3 Spellcasting
 + Level 11.5 Transmutations
 + Level 5.7 Earth Magic
 - Level 4.0 Poison Magic
 + Level 11.8 Invocations


You had 18 spell levels left.
You knew the following spells:

 Your Spells              Type           Power      Damage    Failure   Level
a - Statue Form           Tmut/Erth      46%        N/A       9%          6
b - Wereblood             Tmut           80%        N/A       1%          2
c - Spider Form           Tmut/Pois      66%        N/A       1%          3
d - Ice Form              Ice/Tmut       58%        N/A       1%          4
e - Passwall              Tmut/Erth      58%        N/A       1%          2
f - Beastly Appendage     Tmut           100%       N/A       1%          1

Your spell library contained the following spells:

 Spells                   Type           Power      Damage    Failure   Level
 Sandblast                Erth           100%       2d20      1%          1
 Shock                    Conj/Air       80%        1d8       1%          1
 Petrify                  Tmut/Erth      70%        N/A       1%          4
 Blink                    Tloc           40%        N/A       3%          2
 Ensorcelled Hibernation  Hex/Ice        40%        N/A       3%          2
 Scorch                   Fire           40%        2d7       3%          2
 Sublimation of Blood     Necr           20%        N/A       3%          2
 Mephitic Cloud           Conj/Pois/Air  30%        N/A       3%          3
 Gell's Gravitas          Tloc           20%        N/A       6%          3
 Lesser Beckoning         Tloc           20%        N/A       6%          3
 Swiftness                Air            20%        N/A       6%          3
 Teleport Other           Tloc           20%        N/A       6%          3
 Corpse Rot               Necr/Pois/Air  30%        N/A       12%         4
 Airstrike                Air            10%        0-4+      21%         4
 Flame Wave               Conj/Fire      20%        2d7       21%         4
 Freezing Cloud           Conj/Ice/Air   10%        6-21      50%         5
 Manifold Assault         Tloc           20%        N/A       50%         5
 Metabolic Englaciation   Hex/Ice        10%        N/A       50%         5
 Iron Shot                Conj/Erth      20%        9d5       67%         6
 Simulacrum               Ice/Necr       10%        N/A       97%         6
 Starburst                Conj/Fire      10%        6d5       97%         6
 Summon Cactus Giant      Summ           10%        N/A       97%         6
 Summon Hydra             Summ           10%        N/A       100%        7
 Ignition                 Fire           10%        3d5       100%        8
 Maxwell's Capacitive Co  Air            10%        ∞         100%        8
 Chain Lightning          Conj/Air       10%        3d13      100%        9
 Fire Storm               Conj/Fire      10%        8d3       100%        9
 Polar Vortex             Ice            10%        N/A       100%        9
 Shatter                  Erth           29%        3d24*     100%        9


Dungeon Overview and Level Annotations

Branches:
Dungeon (15/15)            Temple (1/1) D:6            Lair (5/5) D:8
 Shoals (0/4) Lair:3       Spider (0/4) Lair:2        Slime (0/5) Lair:5
    Orc (0/2) D:11         Vaults (0/5) D:14
 Depths: D:15

Altars:
Ashenzari
Cheibriados
Dithmenos
Elyvilon
Fedhas
Gozag
Hepliaklqana
Kikubaaqudgha
Makhleb
Nemelex Xobeh
Okawaru
Qazlal
Ru
Sif Muna
Trog
Uskayaw
Vehumet
Wu Jian
Xom
Yredelemnul
Zin
The Shining One
Jiyva
Lugonu

Shops:
D:3 ?   D:4 :   D:7 =   D:8 *

Portals:
Abyss: Lair:5


Innate Abilities, Weirdness & Mutations

You can breathe waves of freezing cold which knock back foes.
Your icy white scales are hard. (AC +9)
You cannot fit into any form of body armour.
Your flesh is cold resistant. (rC+)
You are cold-blooded and may be slowed by cold attacks.


Message History

The manticore flicks its tail.
The volley of spikes hits you.
The barbed spikes become lodged in your body.
The skeletal warrior hits you but does no damage.
The barbs in your skin will harm you if you move.
Continue?
Okay, then.
The kobold throws a throwing net.
The throwing net hits you.
You become entangled in the net!
The kobold throws a stone.
The stone barely misses you.
A cyclops comes into view.
The skeletal warrior hits you but does no damage.
The kobold throws a stone.
The stone closely misses you.
The cyclops moves out of view.
You struggle against the net.
The manticore bites you!
The manticore closely misses you. x2; The skeletal warrior barely misses you.
A goblin comes into view.
The kobold throws a stone.
The stone hits you but does no damage.
The skeletal warrior hits you but does no damage.
The manticore bites you!
* * * LOW HITPOINT WARNING * * *
The manticore closely misses you. The manticore barely misses you.
You struggle against the net.
You howl as the wereblood boils in your veins!
The manticore bites you.
* * * LOW HITPOINT WARNING * * *
The manticore claws you.
* * * LOW HITPOINT WARNING * * *
The manticore claws you but does no damage.
The skeletal warrior hits you from afar with a +0 halberd.
* * * LOW HITPOINT WARNING * * *
The kobold hits you but does no damage.
You revert to your normal fleshy form.
Your +0 pair of gloves unmelds from your body.
You carefully extract the barbed spikes from your body.
The manticore bites you!
* * * LOW HITPOINT WARNING * * *
The manticore claws you but does no damage.
The manticore barely misses you.
The skeletal warrior hits you from afar with a +0 halberd!
You die...

.........#.#
#######.##.#
.#####..#.#
........#.#
.......[..#
#####..#..# .
[. #..#.g# ...
.
#..#gK###.....
#..#.K@H......
#..##)###.$...
#.. #z# ...
#.. #z# . #..
##. . #.


You could see 2 skeletal warriors, a manticore, 2 goblins and 2 kobolds.

Vanquished Creatures
  An ironbound preserver (D:14)
  Erolcha (D:9)
  9 hydras
  2 catoblepae
  7 boulder beetles
  3 centaur warriors
  4 two-headed ogres
  17 death yaks
  A thrashing horror (Lair:5)
  A fire crab (Lair:3)
  3 skeletal warriors (D:15)
  A glowing orange brain (D:11)
  The ghost of asdu the Destroyer, a novice MeFE of Vehumet (D:7)
  Lodul (D:12)
  The ghost of qborf the Arsonist, a novice DEFE of Gozag (D:7)
  The ghost of funkygono the Firebug, a novice GrFE of Vehumet (D:7)
  3 deep elf pyromancers
  An orc knight (D:14)
  8 manticores
  A mana viper (shapeshifter) (D:15)
  The ghost of tsouns the Thaumaturge, a novice SpNe of Yredelemnul (D:7)
  20 ugly things
  3 cyclopes
  Maurice (D:10)
  13 elephants
  A moth of wrath (shapeshifter) (D:14)
  6 black mambas
  2 smoke demons (Lair:5)
  A gargoyle (D:13)
  Joseph (D:7)
  4 cane toads
  Maggie (D:8)
  3 kobold demonologists
  6 komodo dragons
  4 rime drakes
  2 unseen horrors
  An ancient zyme (Lair:5)
  A meliai (shapeshifter) (Lair:5)
  A troll (shapeshifter) (D:14)
  4 trolls
  A wind drake (Lair:3)
  A hornet (D:9)
  25 blink frogs
  12 slime creatures
  3 dream sheep
  A centaur simulacrum (D:14)
  5 shadows
  A ynoxinul (Lair:5)
  A spriggan (shapeshifter) (Lair:5)
  A wraith (D:12)
  39 yaks
  6 basilisks
  A large abomination (Lair:5)
  5 wyverns
  20 vampire mosquitoes
  A chaos spawn (Lair:5)
  A steam dragon (D:10)
  A warg (D:14)
  14 water moccasins
  4 acid dragons
  3 swamp worms (D:9)
  8 orc warriors
  2 sky beasts
  4 black bears
  14 ogres
  11 wolves
  7 centaurs
  2 phantoms (D:5)
  8 kobold brigands
  16 bullfrogs
  3 gnoll sergeants
  3 necrophages
  4 scorpions
  11 small abominations (Lair:5)
  5 wights (D:8)
  5 electric eels
  2 howler monkeys (D:8)
  3 crimson imps (D:5)
  3 hounds
  2 lava snakes (D:8)
  3 jellies
  11 orc priests
  An iron imp (D:6)
  4 iguanas
  22 orc wizards
  5 adders
  9 gnolls
  5 worms
  5 dart slugs
  55 orcs
  2 endoplasms
  4 giant cockroaches
  7 goblins
  4 hobgoblins
  5 jackals
  A quokka (D:2)
  7 ball pythons
  2 bats (D:1)
  6 frilled lizards
  22 kobolds
  5 rats
587 creatures vanquished.

Vanquished Creatures (others)
  15 fungi
  113 plants
128 creatures vanquished.

Grand Total: 715 creatures vanquished

Notes
Turn   | Place    | Note
-------+----------+-------------------------------------------
     0 | D:1      | inmateoo the Draconian Transmuter began the quest for the
                  | Orb.
     0 | D:1      | Reached XP level 1. HP: 16/16 MP: 3/3
   392 | D:1      | Reached XP level 2. HP: 23/23 MP: 3/5
   395 | D:1      | Learned a level 2 spell: Wereblood
  1263 | D:2      | Reached XP level 3. HP: 17/29 MP: 4/6
  1400 | D:2      | Learned a level 3 spell: Spider Form
  1929 | D:3      | Reached XP level 4. HP: 34/36 MP: 7/7
  2156 | D:3      | Found a faded altar of an unknown god.
  2253 | D:3      | Noticed a necrophage
  2269 | D:3      | Killed a necrophage
  2270 | D:3      | Reached skill level 1 in Poison Magic
  2270 | D:3      | Reached XP level 5. HP: 42/42 MP: 6/9
  2395 | D:3      | Got Asmodeus's Tractate on the Pyre
  2451 | D:3      | Found Uriun's Magic Scroll Shop.
  2461 | D:3      | Bought a scroll of identify for 24 gold pieces
  2461 | D:3      | Bought a scroll of identify for 24 gold pieces
  2461 | D:3      | Bought a scroll of identify for 24 gold pieces
  2461 | D:3      | Bought a scroll of teleportation for 36 gold pieces
  2487 | D:3      | Found a radiant altar of Vehumet.
  2496 | D:3      | Found a broken altar of Ashenzari.
  2606 | D:4      | Noticed an ogre
  2615 | D:4      | Killed an ogre
  2616 | D:4      | Reached skill level 4 in Unarmed Combat
  2616 | D:4      | Reached XP level 6. HP: 49/51 MP: 6/10
  3272 | D:4      | Found an ornate altar of the Wu Jian Council.
  3369 | D:4      | Found Vaseg's Tremendous Tomes.
  3508 | D:4      | Found a glowing silver altar of Zin.
  3534 | D:4      | Your scales start taking on an icy white colour.
  3534 | D:4      | Reached XP level 7. HP: 52/57 MP: 10/12
  3534 | D:4      | Gained mutation: Your flesh is cold resistant. (rC+) [White
                  | Draconian growth]
  3584 | D:5      | Entered Level 5 of the Dungeon
  3632 | D:5      | Found a stormy altar of Qazlal.
  3703 | D:5      | Found a glowing golden altar of the Shining One.
  3852 | D:5      | Reached skill level 5 in Unarmed Combat
  3938 | D:5      | Reached XP level 8. HP: 40/63 MP: 10/14
  4499 | D:5      | Found a shimmering altar of Xom.
  4532 | D:5      | Reached skill level 6 in Unarmed Combat
  4885 | D:6      | Found a staircase to the Ecumenical Temple.
  4924 | Temple   | Entered the Ecumenical Temple
  5262 | D:6      | Found a snail-covered altar of Cheibriados.
  5283 | D:6      | Became a worshipper of Cheibriados the Contemplative
  5722 | D:7      | Noticed Joseph
  5735 | D:7      | Paralysed by Joseph for 5 turns
  5749 | D:7      | Found a runed translucent gate.
  5749 | D:7      | Found a runed translucent gate.
  5749 | D:7      | Found a runed translucent gate.
  5749 | D:7      | Noticed asdu's ghost (novice MeFE)
  5749 | D:7      | Noticed qborf's ghost (novice DEFE)
  5749 | D:7      | Noticed tsouns's ghost (novice SpNe)
  5749 | D:7      | Noticed funkygono's ghost (novice GrFE)
  6090 | D:7      | Noticed Maggie
  6093 | D:7      | Found Peder's Jewellery Shop.
  6113 | D:8      | Killed Maggie
  6114 | D:8      | Reached skill level 5 in Transmutations
  6114 | D:8      | Reached XP level 9. HP: 32/72 MP: 13/16
  6296 | D:7      | Noticed a two-headed ogre
  6469 | D:8      | Reached skill level 5 in Dodging
  6520 | D:8      | Reached skill level 5 in Spellcasting
  6568 | D:8      | Reached * piety under Cheibriados
  7035 | D:8      | Reached skill level 7 in Unarmed Combat
  7435 | D:7      | Reached skill level 5 in Fighting
  7651 | D:7      | Found a hide-covered altar of Uskayaw.
  7652 | D:7      | Noticed a centaur warrior
  7701 | D:7      | Found a transporter.
  7707 | D:7      | Found a transporter.
  7712 | D:7      | Found a hazy altar of Hepliaklqana.
  7932 | D:7      | Killed Joseph
  8291 | D:8      | Killed a two-headed ogre
  8326 | D:8      | Noticed a death yak
  8326 | D:8      | Noticed a death yak
  8329 | D:8      | Noticed a death yak
  8347 | D:8      | Reached XP level 10. HP: 54/81 MP: 15/19
  8353 | D:8      | Killed a death yak
  8354 | D:8      | Reached skill level 8 in Unarmed Combat
  8684 | D:7      | Killed a death yak
  9026 | D:8      | Found a staircase to the Lair.
  9054 | D:7      | Learned a level 4 spell: Ice Form
  9121 | D:8      | Killed a death yak
  9300 | D:8      | Reached ** piety under Cheibriados
  9568 | D:8      | Found Gozag's Platinum Reserve.
  9570 | D:8      | Found an opulent altar of Gozag.
  9833 | D:8      | Reached skill level 1 in Invocations
 10250 | D:8      | Reached skill level 9 in Unarmed Combat
 10760 | D:8      | Noticed an orange demon
 10761 | D:8      | Noticed a soul eater
 10790 | D:8      | Reached XP level 11. HP: 86/86 MP: 18/22
 10857 | D:9      | Noticed Erolcha
 10872 | D:9      | Reached *** piety under Cheibriados
 10880 | D:9      | Killed Erolcha
 11055 | D:9      | Noticed a two-headed ogre
 11063 | D:9      | Killed a two-headed ogre
 11318 | D:9      | Reached **** piety under Cheibriados
 11734 | D:10     | Entered Level 10 of the Dungeon
 11832 | D:10     | Noticed a two-headed ogre
 11841 | D:10     | Killed a two-headed ogre
 12318 | D:10     | Reached skill level 10 in Unarmed Combat
 12325 | D:10     | Noticed Maurice
 12358 | D:10     | Reached skill level 5 in Invocations
 12419 | D:10     | Killed Maurice
 12911 | D:11     | Found a staircase to the Orcish Mines.
 12933 | D:11     | Noticed an eight-headed hydra
 12941 | D:11     | Noticed a boulder beetle
 13263 | D:11     | Killed a boulder beetle
 13263 | D:11     | Reached ***** piety under Cheibriados
 13530 | D:11     | Found a transporter.
 13536 | D:11     | Noticed a glowing orange brain
 13537 | D:11     | Found a transporter.
 13537 | D:11     | Found a viscous altar of Jiyva.
 13687 | D:11     | Noticed a green ugly thing
 13696 | D:11     | Killed a green ugly thing
 13994 | D:11     | Reached XP level 12. HP: 81/94 MP: 24/24
 14053 | D:11     | Killed an eight-headed hydra
 14925 | D:12     | Noticed Lodul
 14932 | D:12     | Noticed a four-headed hydra
 14936 | D:12     | Killed a four-headed hydra
 14940 | D:12     | Killed Lodul
 15173 | D:12     | Noticed a boulder beetle
 15188 | D:12     | Killed a boulder beetle
 15503 | D:12     | Noticed a boulder beetle
 15535 | D:12     | Killed a boulder beetle
 15831 | D:12     | Learned a level 2 spell: Passwall
 16243 | Lair:1   | Entered Level 1 of the Lair of Beasts
 17287 | Lair:2   | Reached skill level 11 in Unarmed Combat
 17682 | Lair:2   | Found a hole to the Spider Nest.
 17923 | Lair:2   | Noticed a six-headed hydra
 17927 | Lair:2   | Killed a six-headed hydra
 18333 | Lair:3   | Reached XP level 13. HP: 105/105 MP: 20/26
 18384 | Lair:3   | Identified the +1 ring mail "Rosue" {Str+4 Dex+3}
 18795 | Lair:3   | Found a staircase to the Shoals.
 18843 | Lair:3   | Reached ****** piety under Cheibriados
 18915 | Lair:3   | Reached skill level 10 in Transmutations
 19340 | Lair:3   | Reached skill level 10 in Dodging
 19664 | Lair:3   | Reached skill level 10 in Spellcasting
 19970 | Lair:3   | Reached skill level 12 in Unarmed Combat
 20051 | Lair:3   | Identified the ring "Nes Teiwouho" {Fly MP+9}
 20333 | Lair:3   | Reached skill level 10 in Invocations
 20732 | Lair:4   | Reached skill level 1 in Earth Magic
 20992 | D:7      | Killed funkygono's ghost
 20994 | D:7      | Killed tsouns's ghost
 20997 | D:7      | Killed asdu's ghost
 21000 | D:7      | Killed qborf's ghost
 21071 | D:7      | Reached XP level 14. HP: 113/113 MP: 24/28
 21456 | D:13     | Noticed Sonja
 21457 | D:13     | Noticed Sonja
 21457 | D:13     | Sonja changed into Sonja the water moccasin
 21460 | D:13     | Killed Sonja the water moccasin
 22068 | D:13     | Identified a scroll of acquirement
 22069 | D:13     | Acquired 1341 gold pieces
 22306 | D:4      | Bought Sif Muna's Grimoire of the Mountains and Conduction
                  | for 1300 gold pieces
 22313 | D:4      | Learned a level 6 spell: Statue Form
 23312 | Lair:5   | Entered Level 5 of the Lair of Beasts
 23358 | Lair:5   | Found a staircase to the Slime Pits.
 24468 | Lair:5   | Found a corrupted altar of Lugonu.
 24468 | Lair:5   | Found a one-way gate to the infinite horrors of the Abyss.
 24770 | D:11     | Reached XP level 15. HP: 123/123 MP: 22/29
 24793 | D:11     | Identified the ring "Ycsietoy" {rF+ rC++ Dex-4 Slay+3}
 25036 | D:14     | Found a broken altar of Ashenzari.
 25055 | D:14     | Got the Lectures on Turbulent Snow
 25137 | D:14     | Reached skill level 13 in Unarmed Combat
 25137 | D:14     | Reached skill level 5 in Earth Magic
 25210 | D:14     | Found a gate to the Vaults.
 25348 | D:14     | Found Xeraw's Book Boutique.
 25823 | D:7      | Bought the ring "Iskuibb" {Will+ rCorr} for 326 gold pieces
 26019 | D:15     | Entered Level 15 of the Dungeon
 26019 | D:15     | Found a radiant altar of Vehumet.
 26098 | D:15     | Mangled by a skeletal warrior

Illustrated notes

Levels and vault maps discovered:
D:1:      lemuel_arrival_room, layout_basic, corexii_item_surrounded_by_moat,
          minmay_vboxes
D:2:      layout_loops_cross
D:3:      layout_rooms, mainiacjoe_overflow_big_doors,
          shapermc_ecumenical_altar_notcrosses, serial_shops, shop,
          item_on_display_a
D:4:      layout_rooms, overflow_temple_1_default, nzn_wu_jian_council_hall,
          minmay_parallelograms, minmay_misc_feat_alley,
          hangedman_feature_mirror, nicolae_shop_i_like_big_books,
          eino_curves_03
D:5:      layout_loops_ring, led_xom_imps, grunt_qazlal_sundering,
          mainiacjoe_overflow_small_starburst
D:6:      layout_basic, chei_slow_surprise,
          minmay_temple_entry_statues_fountains, kennysheep_generic_room_14
D:7:      layout_rooms, worldfamousw_hep_ancestral_shrine,
          gammafunk_temple_overflow_arena, serial_shops,
          nicolae_shop_hallway_plus, gammafunk_ghost_cemetery, uniq_maggie,
          uniq_joseph
D:8:      wad_cavern_with_rooms, layout_loops_ring,
          nicolae_gozag_zags_fifth_avenue, dpeg_lair_monsters,
          serial_bayou_lagoon_a, kennysheep_diamond, lightli_minifort
D:9:      layout_roguey, worms_lemuel, uniq_erolcha
D:10:     layout_rooms, uniq_maurice
D:11:     gammafunk_jiyva_shrine, layout_layer_cave, erik_orc_4
D:12:     layout_irregular_city, uniq_lodul
D:13:     layout_gridville, uniq_sonja
D:14:     layout_basic, skrybe_vaults_entry_preservation, serial_shops, shop,
          evilmike_ruin_ashenzari
D:15:     hangedman_depths_entry_try_elsewhere_first, layout_basic,
          gammafunk_ghost_mausoleum, basic_altar, corner_web_ring,
          trog_hazing_becter
Temple:   jpeg_temple_clearing
Lair:1:   layout_concentric_octagons, grunt_megastairs_1
Lair:2:   layout_big_grid, nicolae_spider_entry_non_spiders,
          dreamdust_mushroom_princess, grunt_megastairs_3
Lair:3:   nzn_winding_woodlands_large [nzn_winding_woodlands_5x5_default,
          nzn_winding_woodlands_5x15_river_crossing,
          nzn_winding_woodlands_5x5_checkerboard,
          nzn_winding_woodlands_center_triple_pond,
          nzn_winding_woodlands_15x15_eel_pit,
          nzn_winding_woodlands_center_garden,
          nzn_winding_woodlands_5x5_open_star,
          nzn_winding_woodlands_5x15_crooked, nzn_winding_woodlands_5x5_cross],
          layout_regular_city, minmay_shoals_entry_beasts, serial_bayou_shore_b
Lair:4:   beast_lair_carwin_large_2, layout_regular_city,
          chequers_serial_rivers_micro_b, st_stairs_12, wad_woods_river_03
Lair:5:   hellmonk_lair_end_abyssal_woods, layout_loops_ring, slime_entry_1,
          fungi_pond_lemuel, minivault_24, minmay_shattered_shrine

Skill      XL: |  1  2  3  4  5  6  7  8  9 10 11 12 13 14 15 |
---------------+----------------------------------------------+-----
Dodging        | 2 3 4 6 7 8 9 10 11 | 11.3
Fighting       | 2 3 4 5 7 8 9 |  9.5
Transmutations | 3 4 5 6 7 8 9 10 11 | 11.5
Poison Magic   | 1 2 3 4 |  4.0
Unarmed Combat | 4 5 6 7 9 10 11 12 13 | 13.2
Spellcasting   | 3 4 6 7 8 9 10 11 | 11.3
Invocations    | 2 6 8 10 11 | 11.8
Earth Magic    | 1 4 5 |  5.7

Action                   |  1- 3 |  4- 6 |  7- 9 | 10-12 | 13-15 || total
-------------------------+-------+-------+-------+-------+-------++-------
Melee: Unarmed           |   110 |   146 |   381 |   565 |   734 ||  1936
       Kick              |    19 |    22 |    23 |       |       ||    64
       Tailslap          |    12 |    14 |    39 |    18 |   107 ||   190
       Headbutt          |     8 |    12 |    17 |       |       ||    37
       Punch             |     1 |     3 |    12 |     2 |    49 ||    67
 Cast: Beastly Appendage |    16 |    10 |    12 |       |       ||    38
       Wereblood         |     2 |     5 |    15 |    19 |    16 ||    57
       Spider Form       |       |     1 |    11 |     5 |     2 ||    19
       Ice Form          |       |       |       |    40 |    23 ||    63
       Statue Form       |       |       |       |       |    31 ||    31
Invok: Slouch            |       |       |       |     2 |     2 ||     4
 Abil: Breathe Frost     |       |       |    10 |     4 |     2 ||    16
       End Transformatio |       |       |       |     1 |     1 ||     2
Evoke: Wand              |       |       |    12 |    19 |     2 ||    33
  Use: Scroll            |     7 |     5 |    11 |    10 |     5 ||    38
       Potion            |     1 |     1 |     3 |     1 |     1 ||     7
 Stab: Sleeping          |       |     1 |       |     1 |     2 ||     4
       Invisible         |       |       |     2 |       |       ||     2
       Paralysed         |       |       |     4 |       |       ||     4
       Distracted        |       |       |       |       |     3 ||     3
       Petrified         |       |       |       |       |     6 ||     6
Armor: Skin              |    44 |    94 |   126 |    94 |   265 ||   623
Dodge: Dodged            |    73 |    94 |   332 |   735 |  1115 ||  2349

Table legend: (Time is in decaauts)
 A = Elapsed time spent in this place.
 B = Non-inter-level travel time spent in this place.
 C = Inter-level travel time spent in this place.
 D = Time resting spent in this place.
 E = Time spent auto-exploring this place.
 F = Levels seen in this place.
 G = Mean time per level.
                   A        B        C        D        E       F      G
               +--------+--------+--------+--------+--------+-----+--------+
         Total |  36004 |  32179 |   3825 |   8355 |  17917 |  21 | 1714.5 |
       Dungeon |  24393 |  21486 |   2907 |   6655 |  10866 |  15 | 1626.2 |
        Temple |    133 |    115 |     18 |      0 |    105 |   1 |  133.0 |
          Lair |  11477 |  10577 |    900 |   1700 |   6945 |   5 | 2295.4 |
               +--------+--------+--------+--------+--------+-----+--------+

Top non-repeatable levels by time:
     D:8: 4120 daAuts
    D:11: 3711 daAuts
  Lair:3: 3282 daAuts
  Lair:5: 2526 daAuts
     D:7: 2320 daAuts
  Lair:4: 2178 daAuts
    D:12: 2041 daAuts
  Lair:1: 1802 daAuts
  Lair:2: 1688 daAuts
    D:10: 1665 daAuts
    D:14: 1511 daAuts
    D:13: 1472 daAuts
     D:9: 1416 daAuts
     D:5: 1250 daAuts
     D:1: 1145 daAuts
